 Dungeon Crawl Stone Soup version 0.30.0-16-gbe6223bb7e (webtiles) character file.

Game seed: 11354147393896471193

3 browni3141 the Caller (level 1, -1/13 HPs)
             Began as a Mummy Summoner on May 20, 2023.
             Killed from afar by a dart slug (5 damage)
             ... with a slug dart
             ... on level 2 of the Dungeon.
             The game lasted 00:01:07 (85 turns).

browni3141 the Caller (Mummy Summoner)                Turns: 85, Time: 00:01:08

Health: -1/13      AC:  2    Str: 11    XL:     1   Next: 41%
Magic:  1/4        EV: 12    Int: 14    God:
Gold:   21         SH:  0    Dex: 12    Spells: 5/6 levels left

rFire   x . .        (no weapon)
rCold   + . .        (no shield)
rNeg    + + +        a - +0 robe
rPois   ∞            (no helmet)
rElec   .            (no cloak)
rCorr   .            (no gloves)
SInv    .            (no boots)
Will    .....        (no amulet)
Stlth   ++           (no ring)
HPRegen 0.22/turn    (no ring)
MPRegen 0.09/turn

%: faith
@: no status effects
A: cold resistance 1, negative energy resistance 3, torment resistance 2, heat
vulnerability 1, no potions, faith
a: no special abilities


You were on level 2 of the Dungeon.
You visited 1 branch of the dungeon, and saw 2 of its levels.

You collected 21 gold pieces.

Inventory:

Missiles
 J - 4 poisoned darts
Armour
 a - a +0 robe (worn)
Scrolls
 b - a scroll of torment {unknown}


   Skills:
 - Level 1.5 Dodging
 - Level 1.5 Stealth
 * Level 3.1 Spellcasting
 - Level 3.2 Summonings


You had 5 spell levels left.
You knew the following spells:

 Your Spells              Type           Power      Damage    Failure   Level
z - Summon Small Mammal   Summ           44%        N/A       5%          1

Your spell library contained the following spells:

 Spells                   Type           Power      Damage    Failure   Level
 Call Imp                 Summ           22%        N/A       9%          2
 Call Canine Familiar     Summ           11%        N/A       17%         3
 Summon Guardian Golem    Hex/Summ       6%         N/A       32%         3
 Ozocubu's Armour         Ice            2%         N/A       54%         3
 Summon Lightning Spire   Summ/Air       6%         N/A       73%         4
 Ozocubu's Refrigeration  Ice            1%         4d7       100%        7


Dungeon Overview and Level Annotations

Branches:
Dungeon (2/15)

Altars:


Innate Abilities, Weirdness & Mutations

You are immune to poison.
Your flesh is cold resistant. (rC+)
You are immune to negative energy. (rN+++)
You are immune to unholy pain and torment.
You are vulnerable to heat. (rF-)
You do not drink.
You have a special connection with the divine. (Faith)


Message History

Your bat dies!
Your bat's corpse disappears in a puff of smoke!
Your rat bites the hobgoblin.
Your rat barely misses the hobgoblin.
You swap places.
Your bat barely misses the hobgoblin.
Your bat closely misses the hobgoblin.
The hobgoblin hits your bat but does no damage.
Your bat hits the hobgoblin but does no damage.
Your rat closely misses the hobgoblin.
As you open the door, it creaks loudly!
A frilled lizard comes into view.
The frilled lizard hisses angrily.
Your bat hits the hobgoblin.
A dart slug comes into view.
Your bat hits the hobgoblin but does no damage. x2
The dart slug launches a dart at you. The slug dart hits you.
There is an open door here.
The frilled lizard attacks as you move away!
The frilled lizard bites you.
Found a stone staircase leading down.
The frilled lizard attacks as you move away!
The frilled lizard misses you.
The frilled lizard attacks as you move away!
The frilled lizard completely misses you.
The frilled lizard attacks as you move away!
The frilled lizard bites you but does no damage.
You open the door. The frilled lizard misses you.
The hobgoblin attacks as you move away! The hobgoblin closely misses you.
Your bat hits the hobgoblin but does no damage.
There is an open door here.
Your bat hits the hobgoblin but does no damage.
You closely miss the hobgoblin.
The hobgoblin is heavily wounded.
Your bat misses the frilled lizard. The hobgoblin hits you.
Your rat bites the hobgoblin but does no damage.
You closely miss the hobgoblin.
The hobgoblin is heavily wounded.
Your bat barely misses the frilled lizard.
The dart slug launches a dart at you. The slug dart hits your rat.
Your rat dies!
Your rat's corpse disappears in a puff of smoke!
The hobgoblin hits you.
* * * LOW HITPOINT WARNING * * *
You barely miss the hobgoblin.
The hobgoblin is heavily wounded.
The hobgoblin hits you but does no damage.
Your bat misses the frilled lizard.
Casting: Summon Small Mammal (safe; 6% risk of failure)
Press: ? - help, Q - select action, (/) - cycle Dir - look around, f - activate Your bat closely misses the frilled lizard.
The hobgoblin hits you.
* * * LOW HITPOINT WARNING * * *
You hit the hobgoblin.
The hobgoblin is heavily wounded.
Your bat hits the dart slug but does no damage.
The dart slug bites your quokka but does no damage.
Your quokka bites the dart slug but does no damage.
The hobgoblin closely misses you.
Your bat hits the frilled lizard. What are your orders? t - Shout!
Orders for allies: a - Attack new target. r - Retreat! s - Stop attacking. g - Guard the area. f - Follow me.
Anything else - Cancel.
Gang up on whom?
Press: ? - help, Dir - move target, f - hobgoblin
Aim: a hobgoblin (heavily wounded, ally target) Attack!
Your quokka bites the hobgoblin.
The hobgoblin dies!
Your Spellcasting skill increases to level 3!
What are your orders? t - Shout!
Orders for allies: a - Attack new target. r - Retreat! s - Stop attacking. g - Guard the area. f - Follow me.
Anything else - Cancel.
Gang up on whom?
Press: ? - help, Dir - move target, f - frilled lizard
Aim: a frilled lizard (heavily wounded) Attack!
Your quokka bites the frilled lizard.
The frilled lizard dies!
Your bat hits the dart slug but does no damage.
What are your orders? t - Shout!
Orders for allies: a - Attack new target. r - Retreat! s - Stop attacking. g - Guard the area. f - Follow me.
Anything else - Cancel.
Gang up on whom?
Press: ? - help, Dir - move target, f - dart slug
Aim: a dart slug (not watching you, ally target) Attack!
Your bat disappears in a puff of smoke!
You hit the dart slug.
The dart slug is lightly wounded.
Your quokka bites the dart slug.
The dart slug launches a dart at you. The slug dart hits you.
You die...

.......## ##......>.###
##.#.<.####?...........
.......b...'...........
###.#...####.........#
#..#.## ##.......#
##.### ##.....## #.
##.r.## # ##w## #@# #.#
#.# ... ... #.... ##.#.
###.#


You could see a dart slug (ally target) and a friendly quokka (summoned).

Vanquished Creatures (collateral kills)
  2 hobgoblins (D:2)
  A frilled lizard (D:2)
3 creatures vanquished.

Notes
Turn   | Place    | Note
-------+----------+-------------------------------------------
     0 | D:1      | browni3141 the Mummy Summoner began the quest for the Orb.
     0 | D:1      | Reached XP level 1. HP: 13/13 MP: 4/4
    83 | D:2      | Reached skill level 3 in Spellcasting
    85 | D:2      | Killed from afar by a dart slug

Illustrated notes

Levels and vault maps discovered:
D:1:      minmay_arrival_glassed_features, layout_loops_ring
D:2:      layout_loops_corners

Skill      XL: |  1 |
---------------+----+-----
Spellcasting   | 3 |  3.1
Dodging        | |  1.5
Stealth        | |  1.5
Summonings     | |  3.2

Action                     || total
---------------------------++-------
  Melee: Unarmed           ||     5
   Cast: Summon Small Mamm ||     7
 Armour: Robe              ||     2
  Dodge: Dodged            ||    17
